 Dungeon Crawl Stone Soup version 0.19.1-1-g22dce08 (webtiles) character file.

125 spooks32 the Slasher (level 4, -1/31 HPs)
             Began as a High Elf Skald on Jan 1, 2017.
             Slain by an ogre
             ... wielding a +0 giant club
              (22 damage)
             ... on level 4 of the Dungeon.
             The game lasted 00:09:58 (3672 turns).

spooks32 the Slasher (High Elf Skald)               Turns: 3672, Time: 00:09:59

Health: -1/31      AC:  3    Str: 12    XL:     4   Next: 82%
Magic:  7/9        EV: 11    Int: 15    God:
Gold:   104        SH:  0    Dex: 15    Spells: 4 memorised, 1 level left

rFire  . . .     SeeInvis .     a - +0 falchion
rCold  . . .     Gourm    .     b - +0 leather armour
rNeg   . . .     Faith    .     (no shield)
rPois  .         Spirit   .     (no helmet)
rElec  .         Reflect  .     (no cloak)
rCorr  .         Harm     .     (no gloves)
MR     .....                    (no boots)
Stlth  +.........               (no amulet)
                                (no ring)
                                (no ring)

@: no status effects
A: no striking features
a: no special abilities


You were on level 4 of the Dungeon.
You were not hungry.

You visited 1 branch of the dungeon, and saw 4 of its levels.

You collected 104 gold pieces.

Inventory:

Hand Weapons
 a - a +0 falchion (weapon)
Armour
 b - a +0 leather armour (worn)
 e - a +0 scale mail
Scrolls
 j - a scroll of remove curse
 k - a scroll of magic mapping {unknown}
Potions
 d - a potion of berserk rage {unknown}
 g - a potion of cure mutation {unknown}
 h - a potion of might {unknown}
 l - 2 potions of curing
 m - a potion of flight {unknown}
 o - a potion of brilliance {unknown}
Books
 c - a book of Battle

   Spells                             Type                      Level
   a - Infusion                       Charms                       1
   b - Shroud of Golubria             Charms/Translocation         2
   c - Song of Slaying                Charms                       2
   d - Spectral Weapon                Hexes/Charms                 3
   e - Regeneration                   Charms/Necromancy            3
Comestibles
 i - 2 fruits
 n - a bread ration


   Skills:
 * Level 3.0 Fighting
 + Level 4.6 Long Blades
 - Level 0.8 Armour
 - Level 1.1 Dodging
 - Level 3.2 Spellcasting
 * Level 4.0 Charms


You had one spell level left.
You knew the following spells:

 Your Spells              Type           Power        Failure   Level  Hunger
a - Infusion              Chrm           ##..         6%          1    #......
b - Song of Slaying       Chrm           ##......     10%         2    ##.....
c - Regeneration          Chrm/Necr      #.........   38%         3    ###....
d - Shroud of Golubria    Chrm/Tloc      #.........   21%         2    ##.....


Dungeon Overview and Level Annotations

Branches:
Dungeon (4/15)
 Temple: D:4-7

Altars:
Trog

Annotations:
D:2 Sigmund
D:3 Grinder


Message History

You closely miss the jackal. The jackal bites you.
An ogre comes into view. It is wielding a giant club.
You barely miss the jackal.
Okay, then.
Okay, then.
The jackal closely misses you. x2; You riposte.
You hit the jackal.
The jackal is severely wounded.
The jackal bites you but does no damage.
The jackal barely misses you.
You riposte.
You hit the jackal.
You kill the jackal!
You barely miss the jackal. The jackal closely misses you.
Your magical infusion is running out.
The jackal closely misses you. The jackal barely misses you.
You riposte.
You hit the jackal!
You kill the jackal!
An orc comes into view. It is wielding a short sword.
You are no longer magically infusing your attacks.
The ogre hits you with a giant club!!
Ouch! That really hurt!
You die...

### ..# #.#
#.#### # ...
. .##.# #.#.#
......##.#.#
#....@...#
######O####.#
#o.....#
#.###### #.#
#.# #.####
#.†..# #
####.#


You could see an ogre and an orc.

Vanquished Creatures
  Robin (D:2)
  4 adders
  An ooze (D:1)
  A dart slug (D:2)
  2 leopard geckos
  2 orcs (D:3)
  3 giant cockroaches
  9 hobgoblins
  11 jackals
  2 kobolds
  A quokka (D:3)
  5 bats
  A frilled lizard (D:2)
  14 goblins
  3 rats (D:1)
60 creatures vanquished.

Notes
Turn   | Place    | Note
-------+----------+-------------------------------------------
     0 | D:1      | spooks32 the High Elf Skald began the quest for the Orb.
     0 | D:1      | Reached XP level 1. HP: 14/14 MP: 4/4
   302 | D:1      | Reached XP level 2. HP: 19/19 MP: 1/6
   751 | D:2      | Noticed Sigmund
  1323 | D:2      | Reached XP level 3. HP: 25/25 MP: 5/8
  1361 | D:2      | Learned a level 2 spell: Song of Slaying
  1365 | D:2      | Learned a level 3 spell: Regeneration
  1368 | D:2      | Learned a level 2 spell: Shroud of Golubria
  1684 | D:2      | Found a bloodstained altar of Trog.
  1710 | D:2      | Noticed Robin
  1902 | D:2      | Killed Robin
  2464 | D:2      | Reached XP level 4. HP: 29/30 MP: 4/9
  3625 | D:3      | Noticed Grinder
  3649 | D:4      | Noticed an ogre
  3672 | D:4      | Slain by an ogre

Skill      XL: |  1  2  3  4 |
---------------+-------------+-----
Long Blades    | 3 4 |  4.6
Spellcasting   | 3 |  3.2
Fighting       | 3 |  3.0
Charms         | 4 |  4.0
Armour         | |  0.8
Dodging        | |  1.1

Action                   |  1- 3 |  4- 6 || total
-------------------------+-------+-------++-------
Melee: Falchion          |   105 |    83 ||   188
 Cast: Infusion          |     8 |     4 ||    12
       Song of Slaying   |     2 |     4 ||     6
       Shroud of Golubri |     1 |     1 ||     2
  Use: Scroll            |     3 |       ||     3
 Stab: Sleeping          |     1 |       ||     1
  Eat: Fruit             |     2 |     3 ||     5
       Chunk             |     2 |       ||     2
       Bread ration      |       |     1 ||     1
Armor: Leather armour    |    28 |    32 ||    60
Dodge: Dodged            |    67 |    81 ||   148
       Rpst.: Falchion   |    22 |    28 ||    50
